 Dungeon Sprint DCSS version 0.28.0-43-g3370ac3207 (webtiles) character file.

Game seed: 9930118474610864963

16643 Groucho the Imperceptible (level 12, 50/57 HPs)
             Began as a Felid Berserker on Mar 27, 2022.
             Was a High Priest of Trog.
             Got out of the dungeon alive.
             The game lasted 00:13:20 (3390 turns).

Groucho the Imperceptible (Felid Berserker)         Turns: 3390, Time: 00:13:21

Health: 50/57      AC:  5    Str: 17      XL:     12   Next: 11%
Magic:  24/24      EV: 28    Int:  8 (9)  God:    Trog [*****.]
Gold:   2310       SH:  8    Dex: 14      Spells: 31/31 levels left
                                        Lives:  2   Deaths: 1

rFire   + . .      SeeInvis +     - Unarmed
rCold   + . .      Faith    .   (shield unavailable)
rNeg    . . .      Spirit   +   (armour unavailable)
rPois   +          Reflect  .   (helmet unavailable)
rElec   .          Harm     .   (cloak unavailable)
rCorr   .          Rampage  .   (gloves unavailable)
Will    +....      Rage     1%  (boots unavailable)
Stlth   +++++++++. NoTele   +   i - brooch of Shielding {Spirit SH+8}
HPRegen 0.19/turn               j - ring of poison resistance
MPRegen 0.19/turn               k - ring of protection from fire

@: quick
A: very small, claws 1, fangs 3, see invisible, speed 1, shaggy fur 3, stealthy
paws, no weapons or thrown items, no armour, multi-lived, iridescent scales 1,
berserk 1, clumsy 1, deterioration 2, frail 1, low MP 1, no potion heal 1,
inability to read while threatened
a: Renounce Religion, Berserk, Trog's Hand, Brothers in Arms


You escaped.
You worshipped Trog.
Trog was extremely pleased with you.
You visited 1 branch You collected 3553 gold pieces.
You spent 1243 gold pieces at shops.

Inventory:

Jewellery
 i - the brooch of Shielding (around neck) {Spirit SH+8}
   (You bought it in a shop in the Dungeon)

   [amulet of guardian spirit]

   It causes incoming damage to be divided between your reserves of health and
   magic.
   SH:        It affects your SH (+8).
 j - a ring of poison resistance (left paw)
 k - a ring of protection from fire (right paw)
 o - a +6 ring of dexterity
 p - a ring of resist corrosion
 r - an amulet of faith
Wands
 g - a wand of iceblast (15)
 h - a wand of acid (4)
 m - a wand of polymorph (6)
Scrolls
 l - a scroll of identify {unknown}
 n - a scroll of magic mapping {unknown}
Potions
 a - 5 potions of curing
 b - a potion of heal wounds
 c - a potion of haste
 d - 2 potions of magic
 e - a potion of berserk rage
 f - 2 potions of brilliance {unknown}
 q - a potion of cancellation {unknown}
 s - 2 potions of lignification {unknown}


   Skills:
 + Level 14.9 Fighting
 + Level 19.0 Dodging
 + Level 25.6 Stealth
 + Level 14.9 Unarmed Combat
 + Level 10.1 Spellcasting


You had 31 spell levels left.
You didn't know any spells.
Your spell library was empty.

Dungeon Overview and Level Annotations

Branches:
Dungeon (1/1)

Altars:
Cheibriados
Dithmenos
Elyvilon
Fedhas
Gozag
Hepliaklqana
Kikubaaqudgha
Makhleb
Nemelex Xobeh
Okawaru
Qazlal
Ru
Sif Muna
Trog
Uskayaw
Vehumet
Wu Jian
Xom
Yredelemnul
Zin
The Shining One
Jiyva
Lugonu

Shops:
D (!!!(([[=:=[(=:([==[[(


Innate Abilities, Weirdness & Mutations

You have sharp claws.
You have razor-sharp teeth.
You have supernaturally acute eyesight. (SInv)
You cover ground quickly. (Speed+)
Your thick and shaggy fur keeps you warm. (AC +3, rC+)
Your paws help you pounce on unaware monsters.
You are incapable of wielding weapons or throwing items.
You cannot wear armour.
You gain extra lives every three experience levels.
You are partially covered in iridescent scales. (AC +2)
You tend to lose your temper in combat.
You are clumsy. (Dex -2)
Your body often deteriorates upon taking damage.
You are frail. (-10% HP)
Your magical capacity is low. (-10% MP)
Potions are less effective at restoring your health.
You sometimes lose the ability to read scrolls when taking damage.


Message History

You see here a +0 pair of gloves.
Press: ? - help, v - describe, . - travel The floor.
Search for what [? for help]? dig Can't find anything matching that.
Unknown command.
Items here: ))) ÷÷.
There is an open door, spattered with blood here.
Things that are here:
a +1 great sword of flaming; a fire giant skeleton You open the door.
The daeva shouts!
Found a thin smoking staff.
You close the door.
The daeva calls down the wrath of the Shining One upon you.
The Shining One smites you!
The daeva calls down the wrath of the Shining One upon you.
The Shining One smites you!
Your body deteriorates!
You feel dopey.
There is an open door here.
You close the door.
There is an open door, spattered with blood here.
There is an open door here.
There is an open door here.
You see here a +0 mace.
There is an open door here.
There is an open door here.
There is an open door here.
There is an open door here.
Things that are here:
a +0 scythe; a +0 robe
There is an open door here.
You see here a +0 giant club.
There is an open door here.
There is an open door here.
Things that are here:
a +0 club; a +0 chain mail
There is a staircase leading out of the dungeon here.
Are you sure you want to leave the Dungeon?
This will make you lose the game!
You have escaped!

##################
#@.#..'..#.)'..#__
#.)'..#.)'..#..'..
#..#####+#####'#__
#..####..#...#(###
#..#__####..##.#§§
#..#_____##'#_.'§≈
#⌠⌠#_.∩...'..._#≈≈
####_..__##_.#'##+
#_____###'#.#[[


There were no monsters in sight!

Vanquished Creatures
  A golden dragon (D)
  A shadow dragon (D)
  A lorocyproca (D)
  2 centaur warriors (D)
  Sonja (D)
  A deep troll (D)
  A lindwurm (D)
  An oklob plant (D)
  2 shining eyes (D)
  7 unseen horrors (D)
  2 kobold demonologists (D)
  A hornet (D)
  A slime creature (D)
  Sigmund (D)
  A yak (D)
  13 hogs (D)
  2 redbacks (D)
  2 floating eyes (D)
  7 necrophages (D)
  An ogre (D)
  8 jellies (D)
  Ijyb (D)
58 creatures vanquished.

Vanquished Creatures (collateral kills)
  4 fire giants (D)
  A hydra (D)
  6 shining eyes (D)
  4 demonic crawlers (D)
  A gargoyle (D)
  5 floating eyes (D)
21 creatures vanquished.

Vanquished Creatures (others)
  2 ballistomycete spores (D)
2 creatures vanquished.

Grand Total: 81 creatures vanquished

Notes
Turn   | Place    | Note
-------+----------+-------------------------------------------
     0 | D        | Groucho the Felid Berserker began the quest for the Orb.
     0 | D        | Reached XP level 1. HP: 10/10 MP: 2/2
     2 | D        | Noticed Ijyb
    16 | D        | Killed Ijyb
    17 | D        | Reached skill level 8 in Stealth
    17 | D        | Reached XP level 2. HP: 12/14 MP: 3/3
   366 | D        | Noticed an ogre
   368 | D        | Killed an ogre
   369 | D        | Reached skill level 12 in Stealth
   369 | D        | Reached XP level 3. HP: 17/17 MP: 4/4
   369 | D        | Reached XP level 4. HP: 21/21 MP: 5/5
   383 | D        | Noticed Sigmund
   385 | D        | Killed Sigmund
   385 | D        | Reached ** piety under Trog
   386 | D        | Reached skill level 16 in Stealth
   386 | D        | Reached XP level 5. HP: 24/24 MP: 6/6
   398 | D        | Found a shimmering blue altar of Sif Muna.
   399 | D        | Found an ornate altar of the Wu Jian Council.
   400 | D        | Found a radiant altar of Vehumet.
   405 | D        | Reached skill level 17 in Stealth
   405 | D        | Gained mutation: You are covered in thick fur. (AC +2)
                  | [Felid growth]
   405 | D        | Reached XP level 6. HP: 28/28 MP: 7/7
   415 | D        | Found Mycwuor's Distillery.
   415 | D        | Found an ancient bone altar of Kikubaaqudgha.
   415 | D        | Found a hazy altar of Hepliaklqana.
   415 | D        | Found a stormy altar of Qazlal.
   415 | D        | Found a hide-covered altar of Uskayaw.
   415 | D        | Found a blossoming altar of Fedhas.
   415 | D        | Found a bloodstained altar of Trog.
   415 | D        | Found an iron altar of Okawaru.
   415 | D        | Found a basalt altar of Yredelemnul.
   415 | D        | Found a glowing golden altar of the Shining One.
   415 | D        | Found a snail-covered altar of Cheibriados.
   415 | D        | Found a sacrificial altar of Ru.
   415 | D        | Found a glowing silver altar of Zin.
   415 | D        | Found a shadowy altar of Dithmenos.
   415 | D        | Found a white marble altar of Elyvilon.
   415 | D        | Noticed a yak
   416 | D        | Found an opulent altar of Gozag.
   417 | D        | Killed a yak
   418 | D        | Reached skill level 18 in Stealth
   418 | D        | Found a sparkling altar of Nemelex Xobeh.
   465 | D        | Noticed a centaur warrior
   465 | D        | Noticed a centaur warrior
   466 | D        | Killed a centaur warrior
   466 | D        | Reached *** piety under Trog
   467 | D        | Reached skill level 19 in Stealth
   467 | D        | Reached XP level 7. HP: 35/35 MP: 8/8
   467 | D        | Reached XP level 8. HP: 39/39 MP: 9/9
   467 | D        | Killed a centaur warrior
   468 | D        | Reached skill level 10 in Dodging
   477 | D        | Noticed a hornet
   480 | D        | Killed a hornet
   481 | D        | Reached skill level 20 in Stealth
   491 | D        | Noticed an oklob plant
   494 | D        | Killed an oklob plant
   495 | D        | Reached XP level 9. HP: 45/45 MP: 10/10
   500 | D        | Reached **** piety under Trog
   532 | D        | Noticed an unseen horror
   533 | D        | Noticed an unseen horror
   539 | D        | Killed an unseen horror
   540 | D        | Reached skill level 21 in Stealth
   541 | D        | Killed an unseen horror
   547 | D        | Reached skill level 10 in Unarmed Combat
   548 | D        | Reached ***** piety under Trog
   549 | D        | Reached skill level 10 in Fighting
   804 | D        | Found Plog's Antique Armour Shoppe.
   804 | D        | Found Metecounn's Jewellery Boutique.
   805 | D        | Found Evvo's Jewellery Boutique.
   805 | D        | Found Oniffuh's Jewellery Emporium.
   806 | D        | Found Ireud's Armour Emporium.
   809 | D        | Reached ****** piety under Trog
   817 | D        | Reached XP level 10. HP: 49/51 MP: 11/11
   829 | D        | Found Acvottar's Armour Shop.
   831 | D        | Found Jethruw's Book Emporium.
   831 | D        | Found Xomp's Jewellery Shop.
   831 | D        | Found Popaemit's Armour Shoppe.
   831 | D        | Found Jichyoba's Antique Weapon Boutique.
   831 | D        | Found Nab Ihe's Jewellery Emporium.
   831 | D        | Found Poant's Book Shop.
   831 | D        | Found Ciruodas's Antique Weapon Shoppe.
   835 | D        | Bought the brooch of Shielding {Spirit SH+8} for 653 gold
                  | pieces
   835 | D        | Found the brooch of Shielding {Spirit SH+8}
   835 | D        | Found Nuemu's Antique Armour Boutique.
   845 | D        | Bought a ring of poison resistance for 240 gold pieces
   850 | D        | Bought a ring of protection from fire for 350 gold pieces
   886 | D        | Noticed a deep troll
   888 | D        | Killed a deep troll
   894 | D        | Found Cainut's Armour Emporium.
   911 | D        | Noticed Sonja
   914 | D        | Killed Sonja
   915 | D        | Reached skill level 22 in Stealth
   930 | D        | Found Binocs's Antique Weapon Boutique.
  1154 | D        | Found a viscous altar of Jiyva.
  1154 | D        | Found a corrupted altar of Lugonu.
  1155 | D        | Found a burning altar of Makhleb.
  1155 | D        | Found a shimmering altar of Xom.
  1299 | D        | Reached skill level 15 in Dodging
  1306 | D        | Noticed a gargoyle
  1307 | D        | Killed a gargoyle
  1308 | D        | Reached skill level 5 in Spellcasting
  1779 | D        | Noticed a lorocyproca
  1784 | D        | Killed a lorocyproca
  1785 | D        | Reached skill level 23 in Stealth
  1785 | D        | Reached XP level 11. HP: 57/57 MP: 18/20
  2130 | D        | Noticed a lindwurm
  2133 | D        | Killed a lindwurm
  2433 | D        | Noticed a 12-headed hydra
  2434 | D        | Paralysed by a floating eye for 4 turns
  2436 | D        | HP: 1/57 [12-headed hydra (4)]
  2436 | D        | Demolished by a 12-headed hydra
  2437 | D        | Reached XP level 10. HP: -14/54 MP: 0/20
  2443 | D        | Paralysed by a floating eye for 3 turns
  2467 | D        | Killed a 12-headed hydra
  2701 | D        | Noticed a golden dragon
  2702 | D        | Noticed a shadow dragon
  2706 | D        | Killed a shadow dragon
  2708 | D        | Killed a golden dragon
  2709 | D        | Reached skill level 24 in Stealth
  2709 | D        | Reached XP level 11. HP: 58/58 MP: 21/23
  2773 | D        | Found Yxeuch's Antique Weapon Shoppe.
  2857 | D        | Noticed a shining eye
  2857 | D        | Noticed a shining eye
  2857 | D        | Noticed a shining eye
  2858 | D        | Noticed a shining eye
  2858 | D        | Noticed a shining eye
  2858 | D        | Noticed a shining eye
  2860 | D        | Gained mutation: You tend to lose your temper in combat. [a
                  | shining eye]
  2862 | D        | Gained mutation: Potions are less effective at restoring
                  | your health. [a shining eye]
  2866 | D        | Gained mutation: Your body sometimes deteriorates upon
                  | taking damage. [a shining eye]
  2868 | D        | Killed a shining eye
  2869 | D        | Paralysed by a floating eye for 3 turns
  2870 | D        | Killed a shining eye
  2871 | D        | Gained mutation: You sometimes lose the ability to read
                  | scrolls when taking damage. [a shining eye]
  2872 | D        | Lost mutation: You tend to lose your temper in combat. [a
                  | shining eye]
  2873 | D        | Gained mutation: Your magical capacity is low. (-10% MP) [a
                  | shining eye]
  2874 | D        | Gained mutation: You tend to lose your temper in combat. [a
                  | shining eye]
  2875 | D        | Gained mutation: You are partially covered in iridescent
                  | scales. (AC +2) [a shining eye]
  2876 | D        | Killed a shining eye
  2876 | D        | Gained mutation: Your body often deteriorates upon taking
                  | damage. [a shining eye]
  2876 | D        | Gained mutation: You are frail. (-10% HP) [a shining eye]
  2877 | D        | Killed a shining eye
  2877 | D        | Killed a shining eye
  2878 | D        | Noticed a shining eye
  2878 | D        | Noticed a shining eye
  2878 | D        | Killed a shining eye
  2880 | D        | Paralysed by a floating eye for 3 turns
  2883 | D        | Gained mutation: You are clumsy. (Dex -2) [a shining eye]
  2886 | D        | Killed a shining eye
  2886 | D        | Killed a shining eye
  2890 | D        | Found Isuocsum's Weapon Shop.
  2890 | D        | Found Vosynar's Distillery.
  2890 | D        | Found Zibacopsu's Antique Weapon Boutique.
  2890 | D        | Found Coplie's Distillery.
  2986 | D        | Noticed a daeva
  2996 | D        | Reached skill level 25 in Stealth
  3008 | D        | Noticed a fire giant
  3011 | D        | Noticed a fire giant
  3012 | D        | Noticed a fire giant
  3013 | D        | Noticed a fire giant
  3027 | D        | Killed a fire giant
  3029 | D        | Killed a fire giant
  3031 | D        | Killed a fire giant
  3032 | D        | Reached skill level 10 in Spellcasting
  3032 | D        | Gained mutation: Your thick and shaggy fur keeps you warm.
                  | (AC +3, rC+) [Felid growth]
  3032 | D        | Reached XP level 12. HP: 55/57 MP: 18/24
  3032 | D        | Killed a fire giant
  3390 | D        | Got out of the dungeon alive.

Illustrated notes

Levels and vault maps discovered:
D:        dungeon_sprint_1 [red_sonja_temple_1, red_sonja_temple_small_1]

Skill      XL: |  1  2  3  4  5  6  7  8  9 10 11 12 |
---------------+-------------------------------------+-----
Stealth        | 8 12 16 17 19 20 21 24 25 | 25.6
Fighting       | 6 9 10 13 14 | 14.9
Dodging        | 9 11 13 17 18 19 | 19.0
Unarmed Combat | 6 9 10 13 14 | 14.9
Spellcasting   | 7 10 | 10.1

Action                   |  1- 3 |  4- 6 |  7- 9 | 10-12 || total
-------------------------+-------+-------+-------+-------++-------
Melee: Unarmed           |    10 |     4 |    38 |    73 ||   125
       Bite              |     1 |       |     1 |     9 ||    11
       Punch             |     1 |       |       |     4 ||     5
Invok: Berserk           |     1 |       |     2 |       ||     3
       Brothers in Arms  |       |       |       |    10 ||    10
       Trog's Hand       |       |       |       |     4 ||     4
  Use: Scroll            |       |     1 |       |       ||     1
 Stab: Sleeping          |     2 |     4 |    16 |    15 ||    37
Armor: Skin              |     1 |       |     2 |     2 ||     5
Dodge: Dodged            |     6 |       |    13 |    54 ||    73
Block: Other             |       |       |       |    18 ||    18
